 Dungeon Crawl Stone Soup version 0.32-a0-643-ga006e7742e (webtiles) character file.

Game seed: 8420372434524931102

3127 CougarLife the Geomancer (level 9, -7/45 HPs)
             Began as a Gargoyle Earth Elementalist on Mar 7, 2024.
             Shot with an arrow by a centaur warrior (14 damage)
             ... on level 8 of the Dungeon.
             The game lasted 00:10:22 (8586 turns).

CougarLife the Geomancer (GrEE)                     Turns: 8586, Time: 00:10:23

Health: -7/45      AC: 11    Str: 11    XL:     9   Next: 92%
Magic:  18/29      EV: 11    Int: 21    God:
Gold:   355        SH:  0    Dex: 10    Spells: 19/23 levels left

rFire   . . .        K - +5 dagger (venom)
rCold   . . .        (no shield)
rNeg    + . .        a - +0 robe
rPois   ∞            p - +0 helmet
rElec   +            H - +0 cloak
rCorr   .            v - +0 pair of gloves
SInv    .            (no boots)
Will    .....        (no amulet)
Stlth   ++           G - ring of magical power
HPRegen 0.27/turn    (no ring)
MPRegen 0.21/turn

%: no passive effects
@: about to teleport, studying Ranged Weapons
A: sickness immunity, AC +6, negative energy resistance 1, electricity
resistance, torment resistance 1, petrification resistance
a: no special abilities


You were on level 8 of the Dungeon.
You visited 2 branches of the dungeon, and saw 9 of its levels.
You also visited: Bailey.

You collected 410 gold pieces.
You spent 55 gold pieces at shops.

Inventory:

Hand Weapons
 K - a +5 dagger of venom (weapon)
Missiles
 k - 13 curare-tipped darts
 D - a throwing net
Armour
 a - a +0 robe (worn)
 p - a +0 helmet (worn)
 s - the +2 shield of Resistance {rF++ rC++ Will++}
   (You found it on level 4 of the Dungeon)

   rF++:      It greatly protects you from fire.
   rC++:      It greatly protects you from cold.
   Will++:    It greatly increases your willpower.
 v - a +0 pair of gloves (worn)
 H - a +0 cloak (worn)
Jewellery
 G - a ring of magical power (left hand)
Wands
 E - a wand of charming (15)
 J - a wand of polymorph (11)
 N - a wand of flame (14)
Scrolls
 c - 7 scrolls of identify {unknown}
 e - a scroll of enchant weapon {unknown}
 i - a scroll of teleportation
 j - a scroll of revelation {unknown}
 m - a scroll of torment {unknown}
 o - a scroll of blinking {unknown}
 r - 2 scrolls of fear {unknown}
 t - 2 scrolls of fog {unknown}
 y - a scroll of amnesia {unknown}
 C - a scroll of summoning {unknown}
 F - a scroll of noise {unknown}
 I - a scroll of enchant armour {unknown}
 M - a scroll of vulnerability {unknown}
Potions
 b - a potion of invisibility {unknown}
 d - 2 potions of might {unknown}
 f - 6 potions of brilliance {unknown}
 g - 4 potions of haste {unknown}
 h - 3 potions of enlightenment {unknown}
 l - a potion of curing {unknown}
 n - a potion of lignification {unknown}
 q - a potion of cancellation {unknown}
 u - 4 potions of heal wounds
 w - a potion of experience
 x - a potion of resistance {unknown}
 z - 3 potions of magic
 A - a potion of mutation {unknown}
 B - a potion of ambrosia {unknown}
 L - a potion of berserk rage {unknown}


   Skills:
 - Level 1.5 Dodging
 - Level 2.1 Stealth
 + Level 7.5 Spellcasting
 + Level 8.5 Conjurations
 + Level 10.0 Earth Magic


You had 19 spell levels left.
You knew the following spells:

 Your Spells              Type           Power      Damage    Failure   Level
a - Sandblast             Erth           100%       2d20      1%          1
b - Stone Arrow           Conj/Erth      92%        3d12      1%          3

Your spell library contained the following spells:

 Spells                   Type           Power      Damage    Failure   Level
 Passwall                 Erth           50%        N/A       1%          3
 Brom's Barrelling Bould  Conj/Erth      46%        2d6       1%          4
 Iskenderun's Battlesphe  Conj           43%        2d9       7%          5
 Necrotise                Necr           28%        1d5       9%          1
 Petrify                  Alch/Erth      28%        N/A       11%         4
 Ensorcelled Hibernation  Hex/Ice        14%        N/A       13%         2
 Fugue of the Fallen      Necr           7%         N/A       26%         3
 Gell's Gravitas          Tloc           7%         N/A       26%         3
 Teleport Other           Tloc           7%         N/A       26%         3
 Tukima's Dance           Hex            7%         N/A       26%         3
 Vampiric Draining        Necr           7%         2d6       26%         3
 Bombard                  Conj/Erth      23%        9d4       28%         6
 Anguish                  Hex/Necr       3%         N/A       63%         4
 Dispel Undead            Necr           7%         3d8       63%         4
 Martyr's Knell           Necr/Summ      7%         N/A       63%         4
 Passage of Golubria      Tloc           7%         N/A       63%         4
 Curse of Agony           Necr           7%         N/A       93%         5
 Yara's Violent Unravell  Hex/Alch       3%         3d4       93%         5
 Death Channel            Necr           3%         N/A       100%        6
 Dispersal                Tloc           3%         N/A       100%        6
 Spellforged Servitor     Conj/Summ      12%        N/A       100%        7
 Cigotuvi's Dreadful Rot  Necr/Alch/Air  Unusable   N/A       N/A         2

Dungeon Overview and Level Annotations

Branches:
Dungeon (8/15)             Temple (1/1) D:7          Bailey (visited)
   Lair: D:8-11

Altars:
Cheibriados
Dithmenos
Elyvilon
Fedhas
Gozag
Hepliaklqana
Kikubaaqudgha
Makhleb
Nemelex Xobeh
Okawaru
Ru
Sif Muna
Trog
Uskayaw
Wu Jian
Xom
Yredelemnul
Zin
The Shining One

Shops:
D:7 !


Innate Abilities, Weirdness & Mutations

You are immune to sickness and miasma.
Your stone body is resilient. (AC +6)
You are immune to poison.
You resist negative energy. (rN+)
You are resistant to electric shocks. (rElec)
You are resistant to unholy torment.
You are immune to petrification.


Message History

Aim: a boulder beetle (100% to hit)
The stone arrow hits the boulder beetle!
The boulder beetle is lightly wounded.
You hear a shout!
An arcanist comes into view. It is wielding a +0 dagger.
Casting: Stone Arrow (safe; 1% risk of failure)
Confirm with . or Enter, or press ? or * to list all spells.
Aiming: Stone Arrow (safe; 1% risk of failure)
Press: ? - help, Shift-Dir - straight line, f/p - boulder beetle
Aim: a boulder beetle (lightly wounded, 100% to hit)
The stone arrow hits the boulder beetle!
The boulder beetle is moderately wounded.
The arcanist shouts!
A centaur warrior comes into view.
Casting: Stone Arrow (safe; 1% risk of failure)
Confirm with . or Enter, or press ? or * to list all spells.
Aiming: Stone Arrow (safe; 1% risk of failure)
Press: ? - help, Shift-Dir - straight line, f - centaur warrior
Aim: a centaur warrior (82% to hit)
The stone arrow misses the centaur warrior.
The centaur warrior wields a +0 orcbow.
The centaur warrior shoots an arrow.
The arrow barely misses you.
The centaur warrior shoots an arrow.
The arrow hits you.
Casting: Stone Arrow (safe; 1% risk of failure)
Confirm with . or Enter, or press ? or * to list all spells.
Aiming: Stone Arrow (safe; 1% risk of failure)
Press: ? - help, Shift-Dir - straight line, f/p - centaur warrior
Aim: a centaur warrior, wielding a +0 orcbow (82% to hit)
The stone arrow hits the centaur warrior!
The centaur warrior is moderately wounded.
The centaur warrior shoots an arrow.
The arrow hits you!!
The boulder beetle leaps!
As you read the scroll of teleportation, it crumbles to dust.
You feel strangely unstable.
The centaur warrior shoots an arrow.
The arrow barely misses you.
The centaur warrior shoots an arrow.
The arrow hits you!
* * * LOW HITPOINT WARNING * * *
The centaur warrior shoots an arrow.
The arrow barely misses you.
The centaur warrior shoots an arrow.
The arrow hits you!
You die...

###.####.....# # #
...##.###.# # (
...#.###.# # . #.
###...#..##.## #
...#$##....##......######
...!Bc....###.###........
#...##.......#######
##..#....##### #.@#....#
#.......# #.....#....#
##....#....# ##..###...#
#### ###.# .# .#


You could see a boulder beetle and a centaur warrior.

Vanquished Creatures
  An orc knight (Bailey)
  A vampire (D:8)
  A wyvern (D:7)
  3 steam dragons
  A water moccasin (D:6)
  2 ice beasts (D:7)
  2 ogres (D:4)
  A centaur (D:7)
  3 kobold brigands
  A bullfrog (D:6)
  2 scorpions
  2 bombardier beetles
  2 hounds
  9 orc priests
  2 jellies
  Jessica (D:2)
  4 iguanas
  Ijyb (D:5)
  7 orc wizards
  9 gnolls (Bailey)
  5 adders
  2 white imps
  3 dart slugs
  6 ribbon worms
  42 orcs
  5 endoplasms
  7 giant cockroaches
  10 goblins
  12 hobgoblins
  A quokka (D:1)
  10 ball pythons
  3 bats
  4 frilled lizards
  17 kobolds
  8 rats
190 creatures vanquished.

Notes
Turn   | Place    | Note
-------+----------+-------------------------------------------
     0 | D:1      | CougarLife the Gargoyle Earth Elementalist began the quest
                  | for the Orb.
     0 | D:1      | Reached XP level 1. HP: 10/10 MP: 3/3
   179 | D:1      | Reached XP level 2. HP: 8/15 MP: 1/5
   298 | D:1      | Reached skill level 4 in Earth Magic
   634 | D:1      | Reached XP level 3. HP: 19/19 MP: 2/6
  1601 | D:2      | Reached XP level 4. HP: 22/24 MP: 5/8
  1888 | D:2      | Noticed Jessica
  1894 | D:2      | Killed Jessica
  2802 | D:3      | Found a faded altar of an unknown god.
  2851 | D:3      | Reached XP level 5. HP: 28/28 MP: 7/9
  2964 | D:3      | Reached skill level 5 in Earth Magic
  3050 | D:3      | Learned a level 3 spell: Stone Arrow
  3270 | D:3      | Reached XP level 6. HP: 25/32 MP: 3/11
  3765 | D:4      | Found the +2 shield of Resistance {rF++ rC++ Will++}
  3989 | D:4      | Reached skill level 6 in Earth Magic
  3989 | D:4      | Reached XP level 7. HP: 36/36 MP: 8/13
  4163 | D:4      | You fall into a shaft and drop 3 floors!
  4177 | D:7      | Noticed a wyvern
  4181 | D:7      | Killed a wyvern
  4224 | D:7      | Found Melek's Distillery.
  4233 | D:7      | Reached skill level 5 in Conjurations
  4244 | D:7      | Bought a potion of heal wounds for 55 gold pieces
  4394 | D:7      | Reached skill level 5 in Spellcasting
  4394 | D:7      | Reached skill level 7 in Earth Magic
  4394 | D:7      | Reached XP level 8. HP: 18/41 MP: 11/15
  4411 | D:7      | Found a flagged portal.
  4419 | Bailey   | Entered a bailey
  5069 | Bailey   | Noticed an orc knight
  5104 | Bailey   | Killed an orc knight
  5134 | Bailey   | Reached skill level 8 in Earth Magic
  5275 | D:7      | Found a sacrificial altar of Ru.
  5687 | D:6      | Reached XP level 9. HP: 44/45 MP: 15/18
  5700 | D:6      | Found a shimmering altar of Xom.
  5964 | D:5      | Entered Level 5 of the Dungeon
  6115 | D:4      | Found an opulent altar of Gozag.
  6683 | D:5      | Reached skill level 9 in Earth Magic
  6819 | D:5      | Found a white marble altar of Elyvilon.
  6922 | D:5      | Noticed Ijyb
  6926 | D:5      | Killed Ijyb
  7102 | D:5      | Identified the +0 robe of Ejuish {Dex+3 Stlth+}
  7286 | D:6      | Found a hide-covered altar of Uskayaw.
  7286 | D:6      | Found a burning altar of Makhleb.
  7535 | D:6      | Found a shimmering blue altar of Sif Muna.
  8067 | D:7      | Found a staircase to the Ecumenical Temple.
  8075 | Temple   | Entered the Ecumenical Temple
  8553 | D:8      | Reached skill level 10 in Earth Magic
  8579 | D:8      | Noticed a boulder beetle
  8580 | D:8      | Noticed an arcanist
  8581 | D:8      | Noticed a centaur warrior
  8586 | D:8      | Shot with an arrow by a centaur warrior

Illustrated notes

Levels and vault maps discovered:
D:1:      spicycebolla_green_bress_n_ham, layout_loops_ring
D:2:      layout_basic, hangedman_decor_push, hangedman_decor_growths,
          minivault_4, minmay_tetromino_o2, uniq_jessica
D:3:      layout_loops_ring, serial_rivers, chequers_serial_rivers_small_b,
          chequers_serial_rivers_micro_d, chequers_serial_rivers_large_b,
          chequers_serial_rivers_micro_c, dreamdust_ecumenical_altar_grove
D:4:      layout_basic, grunt_gozag_statues
D:5:      cheibrodos_thug_alley, layout_loops_cross, elyvilon_altar_1,
          dreamdust_princess_corridor, uniq_ijyb
D:6:      layout_gridville, lemuel_round_altar, mainiacjoe_overflow_paths,
          jmf_multi_god_temple
D:7:      layout_gridville, kennysheep_little_box,
          minmay_temple_entry_nine_rooms, enter_bailey_3, serial_shops,
          nicolae_shop_advertising_works [nicolae_subvault_shop_adworks],
          hex_large
D:8:      minmay_curly_fans, layout_loops_cross, kennysheep_mini,
          nicolae_overflow_crystal_walls, erik_lair_orcish_takeover
Temple:   nicolae_temple_slightly_damp_pantheon

Skill      XL: |  1  2  3  4  5  6  7  8  9 |
---------------+----------------------------+-----
Earth Magic    | 4 5 6 7 8 10 | 10.0
Conjurations   | 2 3 4 5 7 8 |  8.5
Spellcasting   | 3 4 5 6 7 |  7.5
Dodging        | |  1.5
Stealth        | |  2.1

Action                     |  1- 3 |  4- 6 |  7- 9 || total
---------------------------+-------+-------+-------++-------
  Melee: Unarmed           |     9 |       |       ||     9
         Dagger            |       |     9 |     6 ||    15
   Cast: Sandblast         |    58 |    75 |   110 ||   243
         Stone Arrow       |       |       |    57 ||    57
    Use: Scroll            |       |       |     2 ||     2
         Potion            |       |       |     1 ||     1
 Armour: Robe              |    20 |    25 |    50 ||    95
  Dodge: Dodged            |    20 |     7 |    47 ||    74

Table legend: (Time is in decaauts)
 A = Elapsed time spent in this place.
 B = Non-inter-level travel time spent in this place.
 C = Inter-level travel time spent in this place.
 D = Time resting spent in this place.
 E = Time spent auto-exploring this place.
 F = Levels seen in this place.
 G = Mean time per level.
                   A        B        C        D        E       F      G
               +--------+--------+--------+--------+--------+-----+--------+
         Total |   8765 |   8537 |    228 |   1671 |   5140 |  10 |  876.5 |
       Dungeon |   7938 |   7710 |    228 |   1082 |   5140 |   8 |  992.2 |
        Temple |      1 |      1 |      0 |      0 |      0 |   1 |    1.0 |
        Bailey |    825 |    825 |      0 |    589 |      0 |   1 |  825.0 |
               +--------+--------+--------+--------+--------+-----+--------+

Top non-repeatable levels by time:
     D:7: 1314 daAuts
     D:4: 1288 daAuts
     D:2: 1240 daAuts
     D:3: 1197 daAuts
     D:1: 1108 daAuts
     D:6: 835 daAuts
  Bailey: 825 daAuts
     D:5: 764 daAuts
     D:8: 189 daAuts
  Temple: 1 daAuts
